cohdb
Replays
Latest Replays
All Replays
Popular Replays
Top Player Replays
Match Explorer
How It Works
Community
CoH3 Stats
Reddit
Sign in to upload your games and track your stats! →
Sign in with Steam
Match 42872589
Unlisted
Match 42872589
Overview
Messages
Build Orders
End
Kradschützen Motorcycle Team
Selects Panzerjäger Kommand Battlegroup
Selects Mine Fields
Panzergrenadier Squad
Panzergrenadier Squad
Construct Light Support Kompanie
MG34 Team
Fire Support Elements
le.IG 18 Mechanized Group
Panzerjäger Squad
Selects Defensive Positions
Flakvierling Half-track
Selects Tank Busters
Vehicle Survival Package
Construct Panzerarmee Kommand
Panzer III L Medium Tank
Emergency Repair Kits
Selects Crew Shock Tactics
Selects Butterfly Bomb Drop
Butterfly Bomb Drop
Panzer III L Medium Tank
Tomsch
Metzger
SoLo TB
Tiensin
0
0
Comments
sign in to comment!
No comments posted yet!